 Dungeon Crawl Stone Soup version 0.24.0-123-gd5b16e6ec5 (webtiles) character file.

Game seed: 2593110657496439066, levelgen mode: deterministic

245 Descartes the Covered (level 6, -1/48 HPs)
             Began as a Formicid Abyssal Knight on Jan 2, 2020.
             Was a Believer of Lugonu.
             Slain by Natasha (2 damage)
             ... on level 3 of the Dungeon.
             The game lasted 00:06:15 (3321 turns).

Descartes the Covered (Formicid Abyssal Knight)     Turns: 3321, Time: 00:06:16

Health: -1/48      AC:  9    Str: 19    XL:     6   Next: 32%
Magic:  8/8        EV:  8    Int: 11    God:    Lugonu [**....]
Gold:   362        SH:  0    Dex: 10    Spells: 5/5 levels left

rFire    . . .     SeeInvis +   a - +1 hand axe
rCold    . . .     Gourm    .   (no shield)
rNeg     . . .     Faith    .   r - +0 chain mail
rPois    .         Spirit   .   (helmet unavailable)
rElec    .         Reflect  .   (no cloak)
rCorr    .         Harm     .   (no gloves)
MR       .....                  (no boots)
Stlth    ..........             (no amulet)
HPRegen  0.16/turn              (no ring)
MPRegen  0.11/turn              (no ring)

@: no status effects
A: permanent stasis, dig shafts and tunnels, four strong arms, antennae 3
a: Dig, Shaft Self, Depart the Abyss, Bend Space, Renounce Religion


You were on level 3 of the Dungeon.
You worshipped Lugonu.
Lugonu was pleased with you.
You were hungry.

You visited 1 branch of the dungeon, and saw 3 of its levels.
You visited the Abyss 1 time.

You collected 362 gold pieces.

Inventory:

Hand Weapons
 a - a +1 hand axe (weapon)
 s - a +3 whip
Missiles
 p - 8 poisoned darts (quivered)
 q - 4 boomerangs
Armour
 b - a +0 leather armour
 d - a +0 scale mail
 r - a +0 chain mail (worn)
Wands
 e - a wand of scattershot (7)
 g - a wand of acid (12)
Scrolls
 f - 5 scrolls of teleportation {unknown}
 k - 2 scrolls of fog {unknown}
 l - 3 scrolls of remove curse {unknown}
 o - a scroll of amnesia {unknown}
Potions
 h - a potion of ambrosia {unknown}
 i - a potion of lignification {unknown}
 j - a potion of curing {unknown}
 m - a potion of heal wounds {unknown}
 n - a potion of flight {unknown}
Comestibles
 c - 4 rations
 t - a chunk of flesh


   Skills:
 + Level 4.0 Fighting
 + Level 3.0 Axes
 * Level 4.2 Armour
 + Level 1.9 Dodging
 - Level 0.2 Spellcasting
 + Level 3.2 Invocations
 + Level 2.0 Evocations


You had 5 spell levels left.
You didn't know any spells.
Your spell library was empty.

Dungeon Overview and Level Annotations

Branches:
Dungeon (3/15)

Altars:
Makhleb
Sif Muna
Xom
Yredelemnul

Annotations:
D:3 Natasha


Innate Abilities, Weirdness & Mutations

You cannot be hasted, slowed, berserked, paralysed or teleported.
You can dig through walls and to a lower floor.
Your four strong arms can wield two-handed weapons with a shield.
You have a pair of large antennae on your head. (SInv)


Message History

The crimson imp blinks!
Your chain mail prevents you from hitting Natasha.
Natasha is heavily wounded.
Natasha claws you but does no damage.
You hit Natasha.
Natasha is severely wounded.
Natasha claws you.
* * * LOW HITPOINT WARNING * * *
The crimson imp blinks!
You hit Natasha but do no damage.
Natasha is severely wounded.
Natasha howls an incantation.
You feel troubled. Natasha claws you but does no damage.
The crimson imp blinks!
Natasha zaps a wand.
The puff of flame hits you!
* * * LOW HITPOINT WARNING * * *
You hit Natasha but do no damage.
Natasha is severely wounded.
Natasha claws you.
You die...

.)..........# ####.###.#.## #
#...# #..# .# #.#.###.## #.#
#.#.....(## ##.. #.###.†##(###.#
##.#........#..# ##.
.....#.>####[..#####..##
##.###..# #....@h...... #.######
####≈5.##.### ##.#.# ...≈.##.#
.....# ≈.≈.≈..##.############
##)..# ......§≈.##..(..........
####†##########≈..##.############
#.............######.# #######
#.#...###...#†# #.# #......
.....).....##.######(# #.#####


You could see Natasha and a crimson imp.

Vanquished Creatures
  2 orc priests (D:3)
  Natasha (twice) (D:3)
  A hound skeleton (D:3)
  3 adders (D:2)
  A shadow imp (D:2)
  An ooze (D:3)
  3 worms
  A dart slug (D:1)
  2 leopard geckos (D:1)
  7 orcs (D:3)
  2 ball pythons (D:3)
  A giant cockroach (D:1)
  3 hobgoblins
  5 jackals
  14 kobolds
  A quokka (D:3)
  11 bats
  4 frilled lizards
  3 goblins (D:1)
  8 rats
75 creatures vanquished.

Vanquished Creatures (others)
  5 toadstools (D:1)
5 creatures vanquished.

Grand Total: 80 creatures vanquished

Notes
Turn   | Place    | Note
-------+----------+-------------------------------------------
     0 | Abyss:1  | Descartes the Formicid Abyssal Knight began the quest for
                  | the Orb.
     0 | Abyss:1  | Reached XP level 1. HP: 18/18 MP: 2/2
    37 | Abyss:1  | Noticed a deep elf demonologist
    91 | Abyss:2  | Found a basalt altar of Yredelemnul.
   157 | Abyss:2  | Noticed an apocalypse crab
   185 | Abyss:2  | Noticed a smoke demon
   189 | D:1      | Escaped the Abyss
   298 | D:1      | Reached * piety under Lugonu
   363 | D:1      | Reached skill level 1 in Dodging
   363 | D:1      | Reached XP level 2. HP: 22/24 MP: 3/3
   545 | D:1      | Reached XP level 3. HP: 25/29 MP: 4/4
   687 | D:1      | Reached skill level 1 in Evocations
  1287 | D:2      | Reached XP level 4. HP: 17/35 MP: 5/5
  1288 | D:2      | Found a burning altar of Makhleb.
  2031 | D:2      | Found a shimmering altar of Xom.
  2031 | D:2      | Found a basalt altar of Yredelemnul.
  2206 | D:3      | Reached ** piety under Lugonu
  2325 | D:3      | Reached XP level 5. HP: 38/42 MP: 7/7
  2516 | D:3      | Found a shimmering blue altar of Sif Muna.
  2764 | D:3      | Reached XP level 6. HP: 29/48 MP: 8/8
  2936 | D:3      | Noticed Natasha
  2941 | D:3      | Killed Natasha
  3163 | D:3      | Noticed Natasha
  3173 | D:3      | Killed Natasha
  3303 | D:3      | Noticed Natasha
  3320 | D:3      | HP: 1/48 [Natasha/puff of flame (9)]
  3321 | D:3      | Slain by Natasha

Levels and vault maps discovered:
D:1:      saegor_arrival_simple_c, layout_loops_ring, minmay_gold_behind_fungi,
          minmay_misc_feat_tower
D:2:      layout_rooms, gammafunk_temple_overflow_wave, bloody_makhleb
D:3:      layout_loops_ring, marbit_many_paths, nicolae_ru_path_of_blood,
          uniq_natasha

Skill      XL: |  1  2  3  4  5  6 |
---------------+-------------------+-----
Dodging        | 1 |  1.9
Evocations     | 1 2 |  2.0
Armour         | 3 4 |  4.2
Invocations    | 3 |  3.2
Fighting       | 4 |  4.0
Axes           | 3 |  3.0
Spellcasting   | |  0.2

Action                   |  1- 3 |  4- 6 || total
-------------------------+-------+-------++-------
Melee: Hand axe          |    94 |   181 ||   275
Invok: Depart the Abyss  |     1 |       ||     1
 Abil: Dig               |     1 |     2 ||     3
 Stab: Distracted        |       |     1 ||     1
  Eat: Chunk             |     1 |     7 ||     8
Armor: Scale mail        |    49 |    48 ||    97
       Chain mail        |       |    53 ||    53
Dodge: Dodged            |    57 |    93 ||   150
